[Event "Team 45 45 League T55"]
[Site "Internet Chess Club"]
[Date "2012.12.23"]
[Round "6"]
[White "przechrzczony"]
[Black "lacibacsi"]
[Result "1-0"]
[WhiteElo "2049"]
[BlackElo "2032"]
[Opening "Trompowsky attack (Ruth, Opocenský opening)"]
[ECO "A45"]
[Time "16:10:26"]
[TimeControl "2700+45"]

1. d4 Nf6 2. Bg5 g6 3. Bxf6 exf6 4. e3 Bg7 5. g3 d6 6. Bg2 h5 7. Ne2 h4 8. c4 c6
9. Nbc3 Bg4 10. Qb3 Qb6 11. Qa3 Na6 12. Qxd6 hxg3 13. hxg3 Rxh1+ 14. Bxh1 Nb4
15. Rd1 g5 16. a3 Nc2+ 17. Kd2 Rd8 18. c5 Qa6 19. Qc7 Rc8 20. Qd6 Rd8 21. Qc7
Rc8 22. Qd6 Rd8 23. Qc7 Rc8 24. Qxc8+ Bxc8 25. Kxc2 f5 26. Nc1 Be6 27. Nd3 Qc4
28. f4 Bf6 29. Bf3 Qb3+ 30. Kb1 g4 31. Nc1 Qxc3 32. Bxc6+ bxc6 33. bxc3 Bd8 34.
Nd3 Bd5 35. Kc2 Kd7 36. c4 Be4 37. Kc3 f6 38. Nb4 a5 39. Nd3 Kc7 40. Rd2 Kd7 41.
Rh2 Be7 42. Rh7 Kd8 43. Nf2 Bf3 44. Kb3 Be2 45. Ka4 Bxc4 46. Kxa5 Ke8 47. Kb6
Bb5 48. Rxe7+ Kxe7 49. Kc7 Ba4 50. Nd3 {Black forfeits on time} 1-0

[Event "Team 45 45 League T55"]
[Site "Internet Chess Club"]
[Date "2012.12.24"]
[Round "6"]
[White "Greedy-Reedy"]
[Black "bobhill"]
[Result "0-1"]
[WhiteElo "1944"]
[BlackElo "1974"]
[Opening "Sicilian: Alapin's variation (2.c3)"]
[ECO "B22"]
[Time "10:01:00"]
[TimeControl "2700+45"]

1. e4 c5 2. c3 d5 3. exd5 Qxd5 4. d4 Nf6 5. Nf3 Bg4 6. Be2 e6 7. h3 Bh5 8. O-O
Be7 9. Be3 O-O 10. dxc5 Nc6 11. b4 Rfd8 12. Nbd2 Ne5 13. Bd4 Nxf3+ 14. Bxf3 Bxf3
15. Nxf3 a5 16. a3 Ne4 17. Qe2 Ng5 18. Nxg5 Bxg5 19. f4 Bf6 20. Rfd1 Qb3 21. Qb5
Bxd4+ 22. cxd4 Qe3+ 23. Kh1 axb4 24. Qxb4 Rdb8 25. Rf1 g6 26. a4 Rd8 27. Rad1
Ra7 28. Qc4 Rda8 29. Qb5 Qe4 30. Rfe1 Qxf4 31. Rf1 Qc7 32. d5 Ra5 33. Qb3 exd5
34. Rxd5 Rxa4 35. Qd3 Ra1 36. Rd1 Rxd1+ 37. Qxd1 Re8 38. Qd2 Qe7 39. Kg1 Ra8 40.
Qf4 h5 41. Kh2 Re8 42. Kg3 Qe3+ 43. Qxe3 Rxe3+ 44. Kf4 Rc3 45. h4 Rc4+ 46. Kg5
Kg7 47. Rd7 Rg4# {White checkmated} 0-1

[Event "Team 45 45 League T55"]
[Site "Internet Chess Club"]
[Date "2012.12.24"]
[Round "6"]
[White "alexping"]
[Black "Dracoac"]
[Result "1/2-1/2"]
[WhiteElo "1968"]
[BlackElo "1788"]
[Opening "QGD Slav: Dutch variation"]
[ECO "D18"]
[Time "12:13:06"]
[TimeControl "2700+45"]

1. d4 d5 2. c4 c6 3. Nc3 Nf6 4. Nf3 dxc4 5. a4 Bf5 6. e3 e6 7. Bxc4 Bb4 8. Qb3
a5 9. O-O Nbd7 10. Na2 c5 11. Nxb4 cxb4 12. Re1 O-O 13. Bd3 Bxd3 14. Qxd3 Nc5
15. Qd1 Nce4 16. Ne5 Rc8 17. f3 Nd6 18. e4 Nc4 19. Nxc4 Rxc4 20. Be3 Qd7 21. Rc1
Rxc1 22. Bxc1 b5 23. axb5 Qxb5 24. b3 Rc8 25. Bb2 h6 26. Re2 Qb6 27. Kh1 Rc7
{Game drawn by mutual agreement} 1/2-1/2

[Event "Team 45 45 League T55"]
[Site "Internet Chess Club"]
[Date "2012.12.26"]
[Round "6"]
[White "Chess-Dream"]
[Black "Jack-ONeill"]
[Result "1/2-1/2"]
[WhiteElo "2085"]
[BlackElo "2045"]
[Opening "Budapest defense"]
[ECO "A52"]
[Time "10:00:16"]
[TimeControl "2700+45"]

1. d4 Nf6 2. c4 e5 3. dxe5 Ng4 4. e3 Nxe5 5. Nh3 Ng6 6. Be2 Nc6 7. O-O Bc5 8.
Nc3 d6 9. Nf4 Nxf4 10. exf4 O-O 11. Re1 Re8 12. Bd3 Bxf2+ 13. Kxf2 Qh4+ 14. Kf1
Bg4 15. Be2 Qxh2 16. Bd2 Rxe2 17. Nxe2 Nd4 18. Be3 Bh3 19. gxh3 Qxh3+ 20. Kf2
Qh2+ 21. Kf1 Qh3+ 22. Kf2 Qh2+ 23. Kf1 {Game drawn by mutual agreement} 1/2-1/2

[Event "Team 45 45 League T55"]
[Site "Internet Chess Club"]
[Date "2012.12.23"]
[Round "6"]
[White "chess123"]
[Black "Holzschlange"]
[Result "1/2-1/2"]
[WhiteElo "1791"]
[BlackElo "1832"]
[Opening "Trompowsky attack (Ruth, Opocenský opening)"]
[ECO "A45"]
[Time "12:12:23"]
[TimeControl "2700+45"]

1. d4 Nf6 2. Bg5 e6 3. e3 h6 4. Bh4 d6 5. Bd3 Nbd7 6. Nd2 g5 7. Bg3 Bg7 8. h4 g4
9. h5 Qe7 10. Be2 e5 11. Bxg4 exd4 12. Bxd7+ Bxd7 13. Qe2 dxe3 14. Qxe3 Qxe3+
15. fxe3 Bc6 16. Ngf3 O-O-O 17. O-O-O Rde8 18. Rde1 Ne4 19. Nxe4 Bxe4 20. Rhf1
Rhg8 21. Bf4 Bf5 22. Nh2 Be4 23. Rf2 f5 24. Kb1 Re6 25. Nf1 Bc6 26. Ng3 Rf8 27.
c3 d5 28. Ne2 Bb5 29. Kc2 c5 {Game drawn by mutual agreement} 1/2-1/2

[Event "Team 45 45 League T55"]
[Site "Internet Chess Club"]
[Date "2012.12.26"]
[Round "6"]
[White "palm47"]
[Black "Bryant-L"]
[Result "1-0"]
[WhiteElo "1507"]
[BlackElo "1350"]
[Opening "Sicilian: Alapin's variation (2.c3)"]
[ECO "B22"]
[Time "19:00:21"]
[TimeControl "2700+45"]

1. e4 c5 2. c3 Nc6 3. d4 e6 4. Nf3 cxd4 5. cxd4 Bb4+ 6. Bd2 Qb6 7. a3 Bxd2+ 8.
Qxd2 Nge7 9. Nc3 d5 10. exd5 exd5 11. Bb5 Be6 12. O-O a6 13. Bxc6+ Nxc6 14. Rfe1
O-O 15. Na4 Qc7 16. Nc5 Rfe8 17. Qd3 Re7 18. Ng5 Rae8 19. Qxh7+ {Black resigns}
1-0

[Event "Team 45 45 League T55"]
[Site "Internet Chess Club"]
[Date "2012.12.26"]
[Round "6"]
[White "akshayk06"]
[Black "Berke"]
[Result "1-0"]
[WhiteElo "1447"]
[BlackElo "1550"]
[Opening "QGD: Tarrasch defense"]
[ECO "D32"]
[Time "12:00:14"]
[TimeControl "2700+45"]

1. d4 d5 2. c4 e6 3. Nc3 c5 4. cxd5 exd5 5. Nf3 Nf6 6. Bg5 Be6 7. e3 Nc6 8. Bb5
h6 9. Bh4 Be7 10. Ne5 Rc8 11. Qa4 Qb6 12. dxc5 Qxc5 13. Rc1 O-O 14. Nxc6 bxc6
15. Ba6 Rb8 16. O-O Qb6 17. b3 c5 18. Be2 a5 19. Bf3 Bd7 20. Qa3 d4 21. exd4
cxd4 22. Qxe7 dxc3 23. Bxf6 Qxf6 24. Qxd7 Rfd8 {Black resigns} 1-0

[Event "Team 45 45 League T55"]
[Site "Internet Chess Club"]
[Date "2012.12.21"]
[Round "6"]
[White "KidRattler"]
[Black "IanT"]
[Result "0-1"]
[WhiteElo "1389"]
[BlackElo "1470"]
[Opening "English: Carls' Bremen system"]
[ECO "A22"]
[Time "07:29:07"]
[TimeControl "2700+45"]

1. c4 e5 2. Nc3 Nf6 3. g3 Nc6 4. Bg2 Bb4 5. e3 O-O 6. Nf3 d6 7. O-O Be6 8. d3
Qd7 9. Ng5 Rad8 10. Nxe6 fxe6 11. a3 Bxc3 12. bxc3 d5 13. cxd5 exd5 14. Qb3 Rb8
15. e4 Ne7 16. Be3 b6 17. Rac1 Kh8 18. f3 Rfd8 19. Bg5 Qd6 20. Be3 c6 21. Rcd1
c5 22. c4 d4 23. Bd2 Ng6 24. Bh3 Rf8 25. f4 exf4 26. Bxf4 Nxf4 27. Rxf4 Nh5 28.
Rxf8+ Rxf8 29. Kg2 Qg6 30. Bf5 Qg5 31. Rf1 Qd2+ 32. Rf2 Qe3 33. Qd1 g6 34. Rf3
Qg5 35. Be6 Rxf3 36. Qxf3 Qe7 37. Bg4 Nf6 38. Qf4 Nxg4 39. Qxg4 Kg7 40. Kf3 h5
41. Qf4 Qf7 42. Qxf7+ Kxf7 43. Kf4 Kf6 44. e5+ Ke6 45. Kg5 Kf7 46. e6+ Kxe6 47.
Kxg6 Ke7 48. Kxh5 Kf7 49. Kg5 Kf8 50. Kg6 Kg8 51. h4 b5 52. Kf5 bxc4 53. dxc4 d3
54. Ke5 d2 55. Kd5 d1=Q+ 56. Kxc5 Qg1+ 57. Kb5 Qxg3 58. c5 Qb3+ 59. Kc6 Qxa3 60.
Kb5 a6+ 61. Kb6 Qb4+ 62. Kc6 a5 63. h5 Kg7 64. h6+ Kxh6 65. Kd5 a4 66. c6 Qc3
67. Kd6 a3 68. c7 Qxc7+ 69. Ke6 Qe5+ 70. Kf7 Qd6 71. Ke8 Qc7 72. Kf8 Qd7 73. Kg8
Qe7 74. Kh8 Qg7# {White checkmated} 0-1

[Event "Team 45 45 League T55"]
[Site "Internet Chess Club"]
[Date "2012.12.23"]
[Round "6"]
[White "arconia"]
[Black "kingsrook"]
[Result "0-1"]
[WhiteElo "1336"]
[BlackElo "1338"]
[Opening "Sicilian defense"]
[ECO "B20"]
[Time "14:00:20"]
[TimeControl "2700+45"]

1. e4 c5 2. b3 e6 3. Bb2 Nc6 4. Nf3 Nf6 5. d3 Be7 6. Be2 O-O 7. O-O d5 8. e5 Nd7
9. d4 cxd4 10. Nxd4 Ndxe5 11. f4 Nxd4 12. Qxd4 Nf3+ 13. Rxf3 Bf6 14. Qf2 Bxb2
15. c3 Bxa1 16. Bd3 Qb6 17. h4 Qxf2+ 18. Rxf2 Bd7 19. a4 Rac8 20. Rf3 Bxc3 21.
Nxc3 Rxc3 22. Bxh7+ Kxh7 23. Rxc3 Rc8 24. Rh3 e5 25. Rf3 e4 26. Rg3 d4 27. Rg5
f5 28. Rg3 {White resigns} 0-1

[Event "Team 45 45 League T55"]
[Site "Internet Chess Club"]
[Date "2012.12.21"]
[Round "6"]
[White "rookmaster23"]
[Black "tyler66"]
[Result "1-0"]
[WhiteElo "1635"]
[BlackElo "1481"]
[Opening "QGD Slav: 4.Nc3"]
[ECO "D15"]
[Time "19:01:27"]
[TimeControl "2700+45"]

1. d4 d5 2. c4 c6 3. Nc3 Nf6 4. Nf3 Bf5 5. Qb3 b6 6. cxd5 Nxd5 7. Nxd5 Qxd5 8.
Qxd5 cxd5 9. Bf4 g6 10. Rc1 Bg7 11. e3 O-O 12. Bb5 a6 13. Ba4 Nd7 14. Bc6 Rac8
15. O-O Be6 16. Ng5 Rfd8 17. Nxe6 fxe6 18. Bxd7 Rxc1 19. Bxe6+ Kf8 20. Rxc1 h6
21. Bc7 Re8 22. Bxb6 Rb8 23. Ba5 Bf6 24. Rc8+ Rxc8 25. Bxc8 Ke8 26. Bxa6 Kd7 27.
b4 e5 28. Bb6 exd4 29. Bxd4 Be7 30. b5 Bd6 31. Ba7 Kc7 32. b6+ Kc6 33. b7 Kd7
34. b8=Q Bxb8 35. Bxb8 Kc6 36. Kf1 Kb6 37. Bd3 Kb7 38. Be5 g5 39. Ke2 Kc6 40.
Bd4 Kd6 41. a4 Kc6 42. a5 Kb7 43. a6+ Ka8 44. Bb5 h5 45. Bc6+ Kb8 46. a7+ Kc7
47. a8=Q {Black resigns} 1-0

[Event "Team 45 45 League T55"]
[Site "Internet Chess Club"]
[Date "2012.12.22"]
[Round "6"]
[White "moodle"]
[Black "sdcohle"]
[Result "1-0"]
[WhiteElo "1503"]
[BlackElo "1406"]
[Opening "French: advance, Paulsen attack"]
[ECO "C02"]
[Time "14:01:11"]
[TimeControl "2700+45"]

1. e4 e6 2. d4 d5 3. e5 c5 4. c3 Nc6 5. Nf3 Qb6 6. a3 Bd7 7. Be2 cxd4 8. cxd4 f6
9. O-O fxe5 10. dxe5 Nge7 11. b4 Ng6 12. Bb2 Be7 13. Bd3 Nf4 14. Bc2 O-O 15. Nd4
Nxd4 16. Bxd4 Ne2+ 17. Qxe2 Qxd4 18. Nd2 a6 19. Nb3 Qc3 20. Rfc1 Kh8 21. Qh5 h6
22. Qg6 Rf5 23. Bxf5 Qxe5 24. Qh7# {Black checkmated} 1-0

[Event "Team 45 45 League T55"]
[Site "Internet Chess Club"]
[Date "2012.12.22"]
[Round "6"]
[White "smsxman"]
[Black "tornado100"]
[Result "1-0"]
[WhiteElo "1517"]
[BlackElo "1321"]
[Opening "Sicilian: accelerated fianchetto, exchange variation"]
[ECO "B34"]
[Time "10:01:16"]
[TimeControl "2700+45"]

1. e4 c5 2. Nf3 Nc6 3. d4 cxd4 4. Nxd4 g6 5. Nxc6 bxc6 6. Bd3 Bg7 7. c3 Nf6 8.
O-O O-O 9. Re1 d6 10. e5 Nd5 11. exd6 Qxd6 12. g3 Rd8 13. Na3 Nxc3 14. bxc3 Qxd3
15. Qxd3 Rxd3 16. Rxe7 Bh3 17. Re1 Bxc3 18. Be3 Bxa1 19. Rxa1 Rxa3 20. Bd4 Rb8
21. f4 a6 22. Kf2 Rd8 23. Be5 Rd2+ 24. Ke1 Raxa2 25. Rb1 h6 26. Rb8+ Kh7 27.
Rh8# {Black checkmated} 1-0

[Event "Team 45 45 League T55"]
[Site "Internet Chess Club"]
[Date "2012.12.21"]
[Round "6"]
[White "Goldenberg"]
[Black "Just-Jim"]
[Result "1-0"]
[WhiteElo "1571"]
[BlackElo "1425"]
[Opening "Bishop's opening"]
[ECO "C23"]
[Time "19:37:49"]
[TimeControl "2700+45"]

1. e4 e5 2. Bc4 a6 3. Nc3 Bc5 4. d3 h6 5. f4 Bxg1 6. Rxg1 Qh4+ 7. g3 Qxh2 8. Be3
exf4 9. gxf4 Qh4+ 10. Bf2 Qf6 11. Nd5 Qd6 12. Rxg7 c6 13. e5 Qf8 14. Nc7+ Kd8
15. Rxf7 Qb4+ 16. c3 Qxb2 17. Nxa8 Qxc3+ 18. Kf1 d5 19. Rf8+ Ke7 20. Bc5+ Ke6
21. Qg4# {Black checkmated} 1-0

[Event "Team 45 45 League T55"]
[Site "Internet Chess Club"]
[Date "2012.12.22"]
[Round "6"]
[White "bmw2002"]
[Black "nanning"]
[Result "1-0"]
[WhiteElo "1586"]
[BlackElo "1650"]
[Opening "English: Caro-Kann defensive system"]
[ECO "A11"]
[Time "14:44:28"]
[TimeControl "2700+45"]

1. c4 c6 2. g3 d5 3. Bg2 Nf6 4. cxd5 cxd5 5. d4 Nc6 6. Nc3 g6 7. Nf3 Bg7 8. O-O
O-O 9. Nd2 a6 10. Nb3 Re8 11. a3 b6 12. Na2 Bb7 13. a4 Rc8 14. Bh3 e6 15. Bg5 h6
16. Bf4 Ne4 17. Nc3 Nxc3 18. bxc3 Ne7 19. Qd2 Kh7 20. a5 b5 21. Nc5 Rxc5 22.
dxc5 e5 23. Be3 d4 24. cxd4 Qd5 25. f3 exd4 26. Bf2 Qxc5 27. Rac1 Qd6 28. Rfd1
Nc6 29. Qa2 f5 30. Bg2 g5 31. Qf7 Bc8 32. Qxe8 {Black resigns} 1-0

[Event "Team 45 45 League T55"]
[Site "Internet Chess Club"]
[Date "2012.12.20"]
[Round "6"]
[White "tryanything"]
[Black "Mitochondria"]
[Result "0-1"]
[WhiteElo "1524"]
[BlackElo "1485"]
[Opening "Queen's pawn: London system"]
[ECO "A45"]
[Time "19:42:40"]
[TimeControl "2700+45"]

1. d4 Nf6 2. Bf4 e6 3. e3 Nc6 4. Nf3 Be7 5. h3 O-O 6. c3 d5 7. Bd3 Bd6 8. Ne5
Ne4 9. Nd2 f6 10. Nxc6 bxc6 11. Nxe4 Bxf4 12. exf4 dxe4 13. Bxe4 Bb7 14. Qf3 Qd7
15. O-O-O Rab8 16. f5 Rfe8 17. Qh5 h6 18. Qg6 Qc8 19. fxe6 Qxe6 20. Qh7+ Kf8 21.
Qh8+ Kf7 22. Qh7 Qxe4 23. Qxe4 Rxe4 24. f3 Re2 25. Rd2 Rbe8 {White resigns} 0-1

[Event "Team 45 45 League T55"]
[Site "Internet Chess Club"]
[Date "2012.12.23"]
[Round "6"]
[White "theartist"]
[Black "chuckh2"]
[Result "1-0"]
[WhiteElo "1130"]
[BlackElo "1298"]
[Opening "Grünfeld with e3 & Bd3"]
[ECO "D94"]
[Time "13:31:40"]
[TimeControl "2700+45"]

1. d4 Nf6 2. c4 g6 3. Nc3 d5 4. e3 Bg7 5. Nf3 O-O 6. Bd3 dxc4 7. Bxc4 Nc6 8. O-O
Bg4 9. Be2 Rb8 10. a3 Nd5 11. Ne4 Bf5 12. Ng3 Bg4 13. Ne4 f5 14. Nc5 e5 15. Ne6
Qe7 16. Nxf8 Kxf8 17. dxe5 Rd8 18. Qd2 Nf4 19. Qc2 Nxe2+ 20. Qxe2 Nxe5 21. Qc2
Nxf3+ 22. Kh1 Ne5 23. Bd2 Kg8 24. f3 Bh5 25. Rad1 Kh8 26. Bb4 Qf6 27. Rxd8+ Qxd8
28. Rd1 Qc8 29. Bc3 Nc6 30. Bxg7+ Kxg7 31. Qc3+ Kh6 32. Rd5 Qe6 33. Rd3 g5 34.
Qb3 Qe7 35. Qd5 Bf7 36. Qxf5 Bg6 37. Qh3+ Bh5 38. g4 Ne5 39. Rc3 Qf7 40. Qxh5+
Qxh5 41. gxh5 Nxf3 42. Rxc7 b5 43. Rxa7 b4 44. axb4 g4 45. b5 Ne5 46. Rc7 {Black
resigns} 1-0

[Event "Team 45 45 League T55"]
[Site "Internet Chess Club"]
[Date "2012.12.21"]
[Round "6"]
[White "PANAMA-REY"]
[Black "drsigmund1"]
[Result "0-1"]
[WhiteElo "1385"]
[BlackElo "1623"]
[Opening "French: advance, Milner-Barry gambit"]
[ECO "C02"]
[Time "20:00:39"]
[TimeControl "2700+45"]

1. e4 e6 2. d4 d5 3. e5 c5 4. c3 Nc6 5. Nf3 Qb6 6. Bd3 Bd7 7. Bc2 Nh6 8. O-O Be7
9. h3 Nf5 10. Ba4 cxd4 11. Bxc6 bxc6 12. cxd4 c5 13. dxc5 Bxc5 14. Nc3 Ng3 15.
Na4 Bxa4 16. Qxa4+ Ke7 17. Bg5+ f6 18. exf6+ gxf6 19. Bxf6+ Kxf6 20. Qh4+ Kf7
21. Qxg3 Rhg8 22. Qf4+ Ke7 23. Rae1 Raf8 24. Qh4+ Ke8 25. Qh5+ Kd8 26. Re2 Rg7
27. Ng5 Re7 28. Qh4 Kd7 29. Qa4+ Kc8 30. a3 Rg8 31. Nf3 Reg7 32. g3 Rxg3+ 33.
Kh1 Rxf3 34. Qh4 Qb3 35. Kh2 Bd6+ 36. Kh1 Rxh3+ 37. Qxh3 Qxh3# {White
checkmated} 0-1

[Event "Team 45 45 League T55"]
[Site "Internet Chess Club"]
[Date "2012.12.19"]
[Round "6"]
[White "otib2006"]
[Black "SeniorCitizen"]
[Result "1-0"]
[WhiteElo "1378"]
[BlackElo "1329"]
[Opening "Queen's pawn game"]
[ECO "D04"]
[Time "16:00:10"]
[TimeControl "2700+45"]

1. d4 d5 2. Nf3 Nf6 3. e3 Bf5 4. Bd3 Bxd3 5. Qxd3 e6 6. Qe2 c6 7. O-O Bd6 8.
Nbd2 O-O 9. c3 Nbd7 10. b4 Qc7 11. a4 Ne4 12. Nxe4 dxe4 13. Nd2 Bxh2+ 14. Kh1 f5
15. Qh5 Bd6 16. Ba3 Rf6 17. b5 Rh6 18. Qxh6 gxh6 19. Bxd6 Qxd6 20. bxc6 Qxc6 21.
Rfc1 Qd6 22. g3 Kf7 23. Kg2 Rg8 24. Rh1 Rg6 25. Rab1 b6 26. Rbd1 Qa3 27. Nc4
Qxa4 28. Ne5+ Nxe5 29. dxe5 Ke7 30. Ra1 Qd7 31. Ra6 Qb7 32. Rha1 Kd7 33. Rxa7
Qxa7 34. Rxa7+ Kc6 35. Rxh7 b5 36. Rh8 Kd5 37. Rb8 Kc4 38. Rc8+ Kd3 39. Rb8 Kxc3
40. Rxb5 Kc4 41. Rb8 Kc5 42. Rd8 Kc6 43. Rf8 Kd5 44. Rf6 Rxf6 45. exf6 Kd6 46.
f7 Ke7 47. Kh3 Kxf7 48. Kh4 Kg6 49. g4 Kf6 50. Kh5 fxg4 51. Kxh6 e5 52. Kh5 Kf5
53. Kh4 {Black resigns} 1-0

[Event "Team 45 45 League T55"]
[Site "Internet Chess Club"]
[Date "2012.12.20"]
[Round "6"]
[White "lawth3"]
[Black "kabubi"]
[Result "1-0"]
[WhiteElo "1317"]
[BlackElo "1121"]
[Opening "Bogo-Indian defense"]
[ECO "E11"]
[Time "15:00:07"]
[TimeControl "2700+45"]

1. d4 Nf6 2. c4 e6 3. Nf3 Bb4+ 4. Bd2 Bxd2+ 5. Nbxd2 O-O 6. g3 d5 7. Bg2 Nc6 8.
O-O Re8 9. a3 Ne4 10. Rc1 Nxd2 11. Qxd2 Qf6 12. e3 a5 13. b4 dxc4 14. b5 Na7 15.
Qxa5 b6 16. Qc3 Nxb5 17. Qb2 Nxa3 18. Ra1 Qe7 19. Ne5 Ra6 20. Ra2 c3 21. Qxc3
Nb5 22. Qa1 Rxa2 23. Qxa2 Nc3 24. Qc2 Qa3 25. Bf3 Nd5 26. Bxd5 exd5 27. Qxc7 Be6
28. Qxb6 f6 29. Nf3 Bh3 30. Re1 Qa2 31. Qd6 Qc4 32. Qc5 Qa2 33. Nh4 Qd2 34. Qc1
Rxe3 35. Qxd2 {Black resigns} 1-0

[Event "Team 45 45 League T55"]
[Site "Internet Chess Club"]
[Date "2012.12.20"]
[Round "6"]
[White "Bizzy-Ketty"]
[Black "dabodhi"]
[Result "0-1"]
[WhiteElo "1258"]
[BlackElo "1470"]
[Opening "Scandinavian: Pytel-Wade variation"]
[ECO "B01"]
[Time "18:00:42"]
[TimeControl "2700+45"]

1. e4 d5 2. exd5 Qxd5 3. Nc3 Qd6 4. d4 Nf6 5. Nf3 c6 6. Bc4 Bf5 7. O-O Nbd7 8.
Be3 e6 9. Qe2 Be7 10. Rad1 Nb6 11. Bd3 Bxd3 12. Qxd3 O-O 13. Rfe1 Nbd5 14. Bd2
Nb4 15. Qe2 Nxc2 16. Rf1 Rfd8 17. Be3 Nxe3 18. fxe3 Qc7 19. e4 Qb6 20. b3 Bb4
21. Na4 Qc7 22. Ne5 c5 23. Nf3 Qc6 24. e5 Nd5 25. Qf2 Rac8 26. Rc1 Nf4 27. Nxc5
Qb5 28. a4 Qb6 29. Rfd1 Rd5 30. Ne4 Rxc1 31. Rxc1 Rd8 32. Qc2 h6 33. g3 Nd5 34.
Kf2 Ba3 35. Ra1 Be7 36. Rc1 Nb4 37. Qc4 Nc6 38. Qb5 Qxb5 39. axb5 Nxd4 40. Nxd4
Rxd4 41. Ke3 Rb4 42. Rc8+ Kh7 43. Nd2 Rxb5 44. Kf4 Bg5+ 45. Ke4 Bxd2 46. Rc7
Rb4+ 47. Kd3 Bg5 48. h4 Bd8 49. Rd7 Rxb3+ 50. Kc4 Rxg3 51. Rxd8 Rg4+ 52. Kd3
Rxh4 53. Rd7 Kg6 54. Rxb7 Rh3+ 55. Kd4 h5 56. Rxa7 h4 57. Ra4 Kg5 58. Ke4 Rh1
59. Kf3 Rg1 60. Kf2 Rg4 61. Ra1 h3 62. Rh1 Rh4 63. Kg3 f5 64. Rxh3 Rxh3+ 65.
Kxh3 Kf4 66. Kg2 g5 67. Kg1 Kg3 68. Kf1 f4 69. Kg1 g4 70. Kf1 Kf3 71. Kg1 g3 72.
Kf1 Ke3 73. Kg1 f3 74. Kf1 g2+ 75. Kg1 Ke2 76. Kh2 Kf1 77. Kg3 g1=Q+ 78. Kf4 f2
79. Ke4 Ke1 80. Kd4 f1=Q+ 81. Kc3 Qg4 82. Kb3 Qff3+ 83. Kb2 Qgg2+ 84. Kb1 Ke2
85. Ka1 Ke3 86. Kb1 Qff1# {White checkmated} 0-1

[Event "Team 45 45 League T55"]
[Site "Internet Chess Club"]
[Date "2012.12.22"]
[Round "6"]
[White "tcianciola"]
[Black "irock2011"]
[Result "1-0"]
[WhiteElo "1174"]
[BlackElo "1286"]
[Opening "QGD Slav: 3.Nf3"]
[ECO "D11"]
[Time "10:00:35"]
[TimeControl "2700+45"]

1. d4 d5 2. c4 c6 3. Nf3 Bf5 4. Nc3 e6 5. Bg5 Nf6 6. e3 Nbd7 7. Be2 Bd6 8. Nh4
h6 9. Nxf5 exf5 10. Bh4 O-O 11. f3 Qc7 12. c5 Bxh2 13. f4 Bxf4 14. exf4 Qxf4 15.
Qd2 Qc7 16. O-O-O b6 17. Bd3 f4 18. Rdf1 g5 19. Bf2 Ng4 20. Bf5 Ndf6 21. Qd3
bxc5 22. dxc5 Rab8 23. Bd4 Kg7 24. Bxf6+ Nxf6 25. Qd4 Qb7 26. b3 Qa6 27. Re1
Qa3+ 28. Kd2 Rb4 29. Qd3 Qa5 30. Kc2 Qxc5 31. a3 Rd4 32. b4 Qb6 33. Qh3 h5 34.
Qf3 Rc4 35. g3 g4 36. Qd3 Qf2+ 37. Re2 Qb6 38. gxf4 d4 39. Qxc4 dxc3 40. Kxc3 g3
41. Rg2 Qe3+ 42. Qd3 Nd5+ 43. Kb2 Qxf4 44. Rxg3+ Kh6 45. Rf3 Qe5+ 46. Kc2 Rg8
47. Qd2+ Kg7 48. Rg1+ Kf8 49. Qh6+ Rg7 50. Qh8+ Ke7 51. Qxg7 Qe2+ 52. Kb1 Qxf3
53. Qe5+ Kf8 54. Qd6+ Ne7 55. Qd8# {Black checkmated} 1-0

[Event "Team 45 45 League T55"]
[Site "Internet Chess Club"]
[Date "2012.12.21"]
[Round "6"]
[White "ethan0627"]
[Black "WzeroMN"]
[Result "1-0"]
[WhiteElo "1295"]
[BlackElo "1027"]
[Opening "King's pawn game"]
[ECO "C50"]
[Time "17:01:21"]
[TimeControl "2700+45"]

1. e4 e5 2. Nf3 Nc6 3. Bc4 d6 4. d3 Be6 5. Bb3 Bxb3 6. axb3 h6 7. Nc3 Nf6 8. O-O
Nb4 9. Be3 d5 10. d4 exd4 11. Qxd4 Nxc2 12. Qa4+ c6 13. Rad1 Nxe3 14. fxe3 Qd7
15. exd5 cxd5 16. Qxd7+ Nxd7 17. Rxd5 O-O-O 18. Rfd1 Bc5 19. Kf2 b6 20. Nb5 Be7
21. Nxa7+ Kb7 22. Rxd7+ Ka6 23. Ra1+ {Black resigns} 1-0

[Event "Team 45 45 League T55"]
[Site "Internet Chess Club"]
[Date "2012.12.19"]
[Round "6"]
[White "sockmonkey"]
[Black "Goldenberg"]
[Result "1/2-1/2"]
[WhiteElo "1532"]
[BlackElo "1561"]
[Opening "Torre attack (Tartakower variation)"]
[ECO "D03"]
[Time "14:00:43"]
[TimeControl "2700+45"]

1. d4 d5 2. Nf3 Nf6 3. Bg5 e6 4. Nbd2 c5 5. e3 Nc6 6. c3 Be7 7. Bd3 O-O 8. O-O
c4 9. Bc2 h6 10. Bh4 Bd7 11. Re1 Rc8 12. e4 Nh7 13. Bxe7 Nxe7 14. Ne5 Bc6 15. b3
b5 16. bxc4 bxc4 17. exd5 exd5 18. Rb1 Nf6 19. Ng4 Qd6 20. Nxf6+ Qxf6 21. Nf3
Rfe8 22. Ne5 Rb8 23. a3 Rxb1 24. Qxb1 Qd6 25. Qb4 Qxb4 26. axb4 Bb5 27. f4 f6
28. Ng4 Ng6 29. Rxe8+ Bxe8 30. f5 Nf4 31. Kf2 Kf7 32. Kf3 Nd3 33. Bxd3 cxd3 34.
Ne3 Bc6 35. Kf2 Ke7 36. Ke1 Kd6 37. Kd2 Bb5 38. g4 Be8 39. Kxd3 Bb5+ 40. Kd2 a6
41. h4 Ba4 42. h5 Be8 43. Ng2 Bb5 44. Nf4 Bd7 45. Nd3 Bb5 46. Nc5 Ke7 47. Ne6
Kf7 48. Nc7 Bc4 49. Ke3 Ke7 50. Kf4 Kf7 51. Ne6 Be2 52. Nc7 Bc4 53. Ne6 Be2 54.
Nc7 {Game drawn by mutual agreement} 1/2-1/2

[Event "Team 45 45 League T55"]
[Site "Internet Chess Club"]
[Date "2012.12.21"]
[Round "6"]
[White "Littlemon"]
[Black "Aquaman"]
[Result "1-0"]
[WhiteElo "1305"]
[BlackElo "1289"]
[Opening "Kevitz-Trajkovich defense"]
[ECO "A50"]
[Time "20:00:37"]
[TimeControl "2700+45"]

1. d4 Nf6 2. c4 Nc6 3. Nf3 e6 4. Nc3 Bb4 5. Bg5 h6 6. Bh4 g5 7. Bg3 Ne4 8. Qc2
Nxg3 9. hxg3 g4 10. d5 gxf3 11. dxc6 fxe2 12. Bxe2 bxc6 13. a3 Be7 14. Bf3 Bg5
15. Rd1 Ba6 16. Bxc6 Qb8 17. Bxa8 Qxa8 18. Qe4 Qxe4+ 19. Nxe4 Be7 20. c5 f5 21.
Nd2 Bxc5 22. Nf3 Be7 23. Ne5 Bc8 24. Ng6 Rh7 25. Nxe7 Kxe7 26. Rh4 d6 27. Ra4 a6
28. Rc4 c5 29. Rc2 Bd7 30. b3 Bc6 31. Rcd2 d5 32. Rc2 Kd6 33. Rdc1 Rc7 34. Rxc5
h5 35. a4 e5 36. b4 e4 37. b5 axb5 38. axb5 Bxb5 39. Rxc7 Bc4 40. R7xc4 dxc4 41.
Rxc4 Kd5 42. Rc8 f4 43. gxf4 Ke6 44. Re8+ Kf5 45. g3 {Black resigns} 1-0

[Event "Team 45 45 League T55"]
[Site "Internet Chess Club"]
[Date "2012.12.23"]
[Round "6"]
[White "rayonline53"]
[Black "zap2"]
[Result "1/2-1/2"]
[WhiteElo "1524"]
[BlackElo "1807"]
[Opening "Caro-Kann: Panov-Botvinnik attack, 5...e6"]
[ECO "B14"]
[Time "04:43:11"]
[TimeControl "2700+45"]

1. e4 c6 2. d4 d5 3. exd5 cxd5 4. c4 Nf6 5. Nc3 e6 6. Nf3 Nc6 7. a3 Be7 8. Be2
O-O 9. O-O dxc4 10. Bxc4 a6 11. Be3 b5 12. Bd3 Bb7 13. Ne4 Nxe4 14. Bxe4 Na5 15.
Bxb7 Nxb7 16. Qd2 Qd5 17. Rac1 Rac8 18. Rxc8 Rxc8 19. Rc1 Rxc1+ 20. Qxc1 Qc4 21.
Qxc4 bxc4 22. Kf1 Nd6 23. Ke2 Bd8 24. Kd2 f6 25. Kc2 Ba5 26. b4 cxb3+ 27. Kxb3
Nf5 28. Kc4 Nxe3+ 29. fxe3 Kf7 30. Kc5 Ke7 31. Kc6 Bc3 32. a4 h5 33. h3 g5 34.
g4 h4 35. e4 a5 36. d5 exd5 37. exd5 Kd8 38. Kd6 Bb4+ 39. Ke6 Bc3 40. Kd6 Bb4+
41. Ke6 Bc3 42. Kd6 {Game drawn by repetition} 1/2-1/2

[Event "Team 45 45 League T55"]
[Site "Internet Chess Club"]
[Date "2012.12.21"]
[Round "6"]
[White "rom1"]
[Black "Kravier"]
[Result "0-1"]
[WhiteElo "1522"]
[BlackElo "1683"]
[Opening "Budapest: Alekhine variation"]
[ECO "A52"]
[Time "08:06:45"]
[TimeControl "2700+45"]

1. d4 Nf6 2. c4 e5 3. dxe5 Ng4 4. e4 Nxe5 5. Nc3 Bb4 6. f4 Bxc3+ 7. bxc3 Nec6 8.
Nf3 b6 9. Bd3 Bb7 10. O-O Na6 11. Be3 Qe7 12. Re1 O-O-O 13. Nd4 g6 14. e5 Rde8
15. Be4 Nc5 16. Nxc6 Bxc6 17. Bxc6 dxc6 18. Qf3 Kb7 19. a4 Rd8 20. a5 Rd3 21.
a6+ Nxa6 22. Rxa6 Kxa6 23. Qxc6 Rxc3 24. Bd4 Ra3 25. Bc5 Qxc5+ {White resigns}
0-1